 Dungeon Crawl Stone Soup version 0.31-a0-1074-g0b22e4e0f1 (webtiles) character file.

Game seed: 9126705696844257127

364 grandjackal the Trooper (level 6, -1/66 HPs)
             Began as an Ogre Warper on Dec 1, 2023.
             Slain by an ogre
             ... wielding a +0 giant spiked club
              (13 damage)
             ... on level 5 of the Dungeon.
             The game lasted 00:06:18 (4169 turns).

grandjackal the Trooper (Ogre Warper)               Turns: 4169, Time: 00:06:18

Health: -1/66      AC:  3    Str: 20    XL:     6   Next: 67%
Magic:  0/13       EV:  9    Int: 16    God:
Gold:   132        SH:  0    Dex:  8    Spells: 5/14 levels left

rFire   . . .        x - +5 sling "Cainnaz" {heavy, rC+ Str+4}
rCold   + . .        (no shield)
rNeg    . . .        b - +0 robe
rPois   .            (helmet restricted)
rElec   .            (no cloak)
rCorr   .            (gloves unavailable)
SInv    .            (boots unavailable)
Will    .....        w - amulet of guardian spirit
Stlth   +            (no ring)
HPRegen 0.31/turn    (no ring)
MPRegen 0.13/turn

%: guardian spirit
@: no status effects
A: large, unfitting armour, tough skin 1
a: no special abilities


You were on level 5 of the Dungeon.
You visited 1 branch of the dungeon, and saw 5 of its levels.
You also visited: Sewer.

You collected 132 gold pieces.

Inventory:

Hand Weapons
 a - a +0 mace
 n - a +0 war axe
 v - a +0 giant spiked club
 x - the +5 sling "Cainnaz" (weapon) {heavy, rC+ Str+4}
   (You found it on level 4 of the Dungeon)

   Str+4:     It affects your strength (+4).
   rC+:       It protects you from cold.
Missiles
 d - 7 darts of dispersal
 i - 11 poisoned darts
 p - 6 javelins
Armour
 b - a +0 robe (worn)
Jewellery
 j - a ring of fire
 w - an amulet of guardian spirit (around neck)
Talismans
 e - a flux talisman
Wands
 z - a wand of mindburst (19)
Scrolls
 c - a scroll of blinking
 f - a scroll of poison {unknown}
 g - 4 scrolls of teleportation {unknown}
 l - 4 scrolls of identify {unknown}
 o - 2 scrolls of amnesia {unknown}
 q - a scroll of vulnerability {unknown}
 u - a scroll of enchant armour {unknown}
 y - a scroll of noise {unknown}
Potions
 h - 2 potions of attraction {unknown}
 k - a potion of heal wounds {unknown}
 m - 3 potions of curing
 r - a potion of brilliance {unknown}
 s - 3 potions of magic {unknown}
 t - a potion of invisibility {unknown}


   Skills:
 + Level 5.6 Fighting
 + Level 3.5 Maces & Flails
 - Level 1.0 Throwing
 - Level 2.1 Dodging
 + Level 4.7 Spellcasting
 - Level 3.1 Translocations


You had 5 spell levels left.
You knew the following spells:

 Your Spells              Type           Power      Damage    Failure   Level
a - Blink                 Tloc           26%        N/A       7%          2
b - Gell's Gravitas       Tloc           13%        N/A       13%         3
c - Manifold Assault      Tloc           13%        N/A       41%         4

Your spell library contained the following spells:

 Spells                   Type           Power      Damage    Failure   Level
 Lesser Beckoning         Tloc           26%        N/A       7%          2
 Teleport Other           Tloc           13%        N/A       13%         3
 Necrotise                Necr           12%        1d4       16%         1
 Vampiric Draining        Necr           3%         2d6       43%         3
 Vhi's Electric Charge    Tloc/Air       16%        N/A       63%         4
 Agony                    Necr           3%         N/A       99%         5


Dungeon Overview and Level Annotations

Branches:
Dungeon (5/15)              Sewer (visited)
 Temple: D:4-7

Altars:
Dithmenos
Okawaru
Uskayaw

Annotations:
D:3 2 runed translucent doors, IsekaiLord's ghost, amateur DrSh


Innate Abilities, Weirdness & Mutations

You are too large for most types of armour.
You have tough skin. (AC +1)


Message History

You kill the scorpion!
No target in view!
No target in view!
Magic restored.
You see here a scorpion corpse.
You see here 7 stones.
z - a wand of mindburst (19)
You now have 132 gold pieces (gained 12).
Found a stone staircase leading down.
There is a stone staircase leading down here.
Found 6 stones.
Found 5 stones.
An ogre comes into view. It is wielding a +0 giant spiked club.
The ogre shouts!
You shoot a sling bullet. The sling bullet hits the ogre.
The ogre is lightly wounded.
You shoot a sling bullet. The sling bullet hits the ogre!
The ogre is heavily wounded.
You shoot a sling bullet. The sling bullet hits the ogre.
The ogre is heavily wounded.
The ogre closely misses you.
You shoot a sling bullet.
The sling bullet barely misses the ogre.
The ogre hits you with a +0 giant spiked club!!
You shoot a sling bullet. The sling bullet hits the ogre!
The ogre is almost dead.
The ogre hits you with a +0 giant spiked club.
The ogre hits you with a +0 giant spiked club!
You shoot a sling bullet. The sling bullet hits the ogre.
The ogre is almost dead.
The ogre hits you with a +0 giant spiked club!!
* * * LOW HITPOINT WARNING * * *
Fire: x) +5 sling "Cainnaz" {heavy, rC+ Str+4}
Press: ? - help, Q - select action, (/) - cycle Shift-Dir - straight line, f/p - ogre
Aim: an ogre, wielding a +0 giant spiked club (almost dead, 75% to hit)
You shoot a sling bullet.
The sling bullet barely misses the ogre.
The ogre barely misses you.
The ogre hits you with a +0 giant spiked club!
You die...

.#.#. ..#. .(.
..# (. #. ...
#O## #.# #.#
#.@# #.# #.# ##
##.# #.# #.# #.
#.####.# #.# #.
#....#.#
#.######.
####.#.#
#.##.....
#.#.###.##.####
#....##.##.#
###......#.#
###.....>#


You could see an ogre.

Vanquished Creatures
  An ogre (D:4)
  A scorpion (D:5)
  A sleepcap (D:4)
  8 adders
  4 worms
  2 dart slugs (D:1)
  4 orcs (D:3)
  6 bats
  8 endoplasms
  7 giant cockroaches
  8 goblins
  5 hobgoblins
  7 jackals
  7 kobolds
  5 quokkas
  12 ball pythons
  9 frilled lizards
  4 rats
99 creatures vanquished.

Notes
Turn   | Place    | Note
-------+----------+-------------------------------------------
     0 | D:1      | grandjackal the Ogre Warper began the quest for the Orb.
     0 | D:1      | Reached XP level 1. HP: 22/22 MP: 3/3
    97 | D:1      | Reached skill level 3 in Fighting
    97 | D:1      | Reached XP level 2. HP: 9/31 MP: 5/5
   392 | D:1      | Learned a level 2 spell: Blink
   561 | D:1      | Found a faded altar of an unknown god.
   665 | D:1      | Reached XP level 3. HP: 33/37 MP: 7/7
  1338 | D:3      | Found a runed translucent door.
  1339 | D:3      | Noticed IsekaiLord's ghost (amateur DrSh)
  1366 | D:3      | Reached XP level 4. HP: 46/48 MP: 8/8
  1374 | D:3      | Found a runed translucent door.
  1406 | D:3      | Reached skill level 4 in Fighting
  1589 | D:3      | Learned a level 3 spell: Gell's Gravitas
  1702 | D:3      | Found an iron altar of Okawaru.
  1874 | D:3      | Found a glowing drain.
  1878 | Sewer    | Entered a sewer
  2032 | Sewer    | Reached XP level 5. HP: 8/55 MP: 10/10
  2572 | D:3      | Learned a level 4 spell: Manifold Assault
  3338 | D:4      | Found a shadowy altar of Dithmenos.
  3448 | D:4      | Noticed an ogre
  3461 | D:4      | Killed an ogre
  3462 | D:4      | Reached skill level 5 in Fighting
  3462 | D:4      | Reached XP level 6. HP: 66/66 MP: 9/12
  3928 | D:4      | Identified the +5 sling "Cainnaz" {heavy, rC+ Str+4}
  3937 | D:4      | Found a hide-covered altar of Uskayaw.
  4086 | D:5      | Entered Level 5 of the Dungeon
  4169 | D:5      | Slain by an ogre

Illustrated notes

Levels and vault maps discovered:
D:1:      lightli_arrival_windingriver, layout_rooms,
          dreamdust_ecumenical_altar_angels_and_demons
D:2:      layout_rooms
D:3:      layout_loops_corners, nicolae_overflow_hidden_temple,
          gup_sewer_entry_bowl, ebering_ghost_sewer_f
D:4:      layout_basic, lemuel_coloured_pillars_altar,
          nicolae_dithmenos_shadow_blocks, nicolae_elevator_lobby_plus
D:5:      layout_basic, serial_shops, shop, uniq_menkaure, uniq_edmund

Skill      XL: |  1  2  3  4  5 |
---------------+----------------+-----
Fighting       | 3 4 5 |  5.6
Maces & Flails | 2 3 |  3.5
Translocations | 3 |  3.1
Spellcasting   | 3 4 |  4.7
Throwing       | |  1.0
Dodging        | |  2.1

Action                     |  1- 3 |  4- 6 || total
---------------------------+-------+-------++-------
  Melee: Mace              |    98 |       ||    98
         War axe           |    52 |   196 ||   248
         Punch             |     2 |     1 ||     3
   Fire: Sling             |       |    11 ||    11
  Throw: Dart              |       |     4 ||     4
   Cast: Blink             |       |     1 ||     1
    Use: Potion            |       |     2 ||     2
 Armour: Robe              |    96 |   184 ||   280
  Dodge: Dodged            |    97 |   130 ||   227

Table legend: (Time is in decaauts)
 A = Elapsed time spent in this place.
 B = Non-inter-level travel time spent in this place.
 C = Inter-level travel time spent in this place.
 D = Time resting spent in this place.
 E = Time spent auto-exploring this place.
 F = Levels seen in this place.
 G = Mean time per level.
                   A        B        C        D        E       F      G
               +--------+--------+--------+--------+--------+-----+--------+
         Total |   4312 |   4140 |    172 |    866 |   1931 |   6 |  718.7 |
       Dungeon |   3598 |   3426 |    172 |    485 |   1767 |   5 |  719.6 |
         Sewer |    714 |    714 |      0 |    381 |    164 |   1 |  714.0 |
               +--------+--------+--------+--------+--------+-----+--------+

Top non-repeatable levels by time:
     D:3: 1292 daAuts
     D:4: 895 daAuts
   Sewer: 714 daAuts
     D:1: 700 daAuts
     D:2: 617 daAuts
     D:5: 92 daAuts
